 Dungeon Crawl Stone Soup version 0.21-a0-582-g1b93aee (webtiles) character file.

518242 SpeedyPerson7 the Conqueror (level 24, 0/249 HPs)
             Began as a Minotaur Berserker on Dec 19, 2017.
             Was an Elder of Trog.
             Killed from afar by an orb of fire (9 damage)
             ... with a bolt of fire
             ... on level 5 of the Realm of Zot.
             The game lasted 01:04:26 (49821 turns).

SpeedyPerson7 the Conqueror (Minotaur Berserker)   Turns: 49821, Time: 01:04:27

Health: 0/249      AC: 33    Str: 30    XL:     24   Next: 5%
Magic:  7/7        EV: 29    Int:  4    God:    Trog [****..]
Gold:   3783       SH: 16    Dex: 19    Spells: 23/23 levels left

rFire    + + +     SeeInvis .   V - +5 broad axe (antimagic)
rCold    + . .     Gourm    .   U - +1 shield {rF+}
rNeg     . . .     Faith    +   W - +4 plate armour {rF+}
rPois    .         Spirit   .   (helmet restricted)
rElec    .         Reflect  .   S - scarf {rC+ rF+}
rCorr    .         Harm     .   L - +2 pair of gloves "Yrhudem" {MR+}
MR       +++++                  (no boots)
Stlth    ..........             m - amulet of faith {!P}
HPRegen  1.51/turn              M - ring of protection from magic
MPRegen  0.10/turn              H - ring "Gang" {AC+4 Dex+2 Slay+6 Stlth+}

@: agile, about to teleport, berserk cooldown, regenerating, hasted and slowed,
studying Throwing
A: retaliatory headbutt, horns 2, clumsy 1, no potion heal 1
}: 3/15 runes: barnacled, silver, gossamer
a: Berserk, Trog's Hand, Brothers in Arms, Burn Spellbooks, Renounce Religion


You were on level 5 of the Realm of Zot.
You worshipped Trog.
Trog was greatly pleased with you.
You were very full.

You visited 8 branches of the dungeon, and saw 45 of its levels.
You also visited: Ice Cave and Volcano.

You collected 4412 gold pieces.
You spent 629 gold pieces at shops.

Inventory:

Hand Weapons
 V - a +5 antimagic broad axe (weapon)
Armour
 L - the +2 pair of gloves "Yrhudem" (worn) {MR+}
   (You took it off Nikola on level 2 of the Vaults)

   It affects your resistance to hostile enchantments.
 S - a scarf of resistance (worn)
 U - a +1 shield of fire resistance (worn)
 W - a +4 plate armour of fire resistance (worn)
Jewellery
 d - an uncursed ring of resist corrosion
 m - an amulet of faith (around neck) {!P}
 p - an uncursed amulet of guardian spirit
 C - an uncursed ring of protection from cold
 F - an uncursed ring of protection from fire
 H - the ring "Gang" (right hand) {AC+4 Dex+2 Slay+6 Stlth+}
   (You took it off an ironbrand convoker on level 5 of the Vaults)

   [ring of protection]

   It affects your AC (+4).
   It affects your dexterity (+2).
   It affects your accuracy and damage with ranged weapons and melee attacks
   (+6).
   It makes you more stealthy.
 M - a ring of protection from magic (left hand)
 Z - an uncursed ring of see invisible
Wands
 a - a wand of disintegration (46)
 b - a wand of acid (7)
 w - a wand of flame (71)
 E - a wand of iceblast (12)
 N - a wand of scattershot (4)
 O - a wand of digging (17)
 P - a wand of paralysis (33)
Scrolls
 e - a scroll of fog
 g - a scroll of silence {!r}
 i - 10 scrolls of identify
 j - 4 scrolls of immolation
 n - a scroll of magic mapping
 q - 4 scrolls of fear
 r - 11 scrolls of remove curse
 s - 2 scrolls of summoning {!r}
 t - a scroll of teleportation
 D - a scroll of torment {!r}
 I - 2 scrolls of vulnerability {!r}
Potions
 c - a potion of curing
 f - a potion of haste
 l - 2 potions of cancellation
 u - 3 potions of magic
 v - 4 potions of might
 z - 9 potions of ambrosia
 G - 3 potions of degeneration {!q!q}
 J - a potion of flight
 R - 2 potions of agility
 T - a potion of lignification {!q}
 Y - a potion of mutation {!q}
Books
 o - a book of Power

   Spells                             Type                      Level
   a - Iskenderun's Battlesphere      Conjuration/Charms           5
   b - Venom Bolt                     Conjuration/Poison           5
   c - Bolt of Magma                  Conjuration/Fire/Earth       5
   d - Iron Shot                      Conjuration/Earth            6
   e - Orb of Destruction             Conjuration                  7
   f - Spellforged Servitor           Conjuration/Summoning        7
   Trog disapproves of the use of such an item.
 y - a manual of Throwing
Comestibles
 k - 31 rations


   Skills:
 O Level 27 Fighting
 - Level 18.0 Axes
 * Level 25.0 Armour
 + Level 20.9 Dodging
 - Level 15.0 Shields


You had 23 spell levels left.
You didn't know any spells.

Dungeon Overview and Level Annotations

Branches:
Dungeon (15/15)            Temple (0/1) D:4            Lair (5/6) D:10
 Shoals (4/4) Lair:3       Spider (4/4) Lair:2          Orc (2/2) D:12
    Elf (0/3) Orc:2        Vaults (5/5) D:14          Crypt (0/3) Vaults:2
 Depths (5/5) D:15            Zot (5/5) Depths:5
  Slime: Lair:5-6

Altars:
Gozag
Kikubaaqudgha
Okawaru
Ru
Trog
Xom
Yredelemnul
Beogh

Shops:
D:6 *   Orc:2 }(?(   Shoals:1 [   Shoals:3 [   Vaults:2 (   Vaults:4 *

Portals:
Pandemonium: Depths:5
Ossuary: D:5

Annotations:
Lair:5 exclusion: 2 oklob plants
Vaults:3 Mennas
Zot:4 1 exclusion


Innate Abilities, Weirdness & Mutations

You reflexively headbutt those who attack you in melee.
You have a pair of horns on your head.
You are clumsy. (Dex -2)
Potions are less effective at restoring your health.


Message History

You feel quite a bit less full. Trog will no longer gift you weapons.
The Orb Guardian hits you!
* * * LOW HITPOINT WARNING * * *
Your ogre goes berserk!
You feel somewhat less full. The Orb Guardian completely misses you.
You furiously retaliate!
You headbutt the Orb Guardian, but do no damage.
You swap places.
Your ogre barely misses the orb of fire.
Your ogre misses the orb of fire. Your ogre misses the orb of fire.
The orb of fire glows red.
The fireball explodes!
The fireball engulfs you! You resist.
* * * LOW HITPOINT WARNING * * *
The fireball engulfs your ogre.
Your ogre closely misses the orb of fire.
The orb of fire glows red.
The bolt of fire hits you! You resist.
You die...

**,,,,,,,,,,,,,,,,,,,,,,*,,,,
▓▓................/,,,,,,,,,
*▓..................,,,,*,,,,
**...................,,,,**,,,
*,...................,,,,***,,
*,...................,,,,* ***
**.......§.§.§.......,,,**
*▓......§§*O§.......,***
*▓.....X*O§@.....▓***
▓▓....*##▓▓▓#▓▓▓▓▓▓▓#
*#............)).†...###
*#...(...X........##....##
**..........*dq§§...###...####
*,.........X*X§{§....###......
*,..........zD*qd....# ##.....
*,..........§.§§y....# #.....
*,,,,,,.....§§f......# ##....


You could see an orb of fire and 2 friendly ogres.

Vanquished Creatures
  3 ancient liches
  A curse toe (Zot:2)
  2 Killer Klowns (Zot:5)
  9 golden dragons
  Nikola (Vaults:2)
  2 bone dragons (Depths:5)
  The ghost of brew9 the Devastator, an adept DrCj of Vehumet (Spider:4)
  3 electric golems
  10 tentacled monstrosities
  A lich (Vaults:5)
  8 Orb Guardians (Zot:5)
  5 quicksilver dragons
  5 titans (Vaults:5)
  A sphinx (Depths:5)
  Frances (D:12)
  9 death cobs
  16 shadow dragons
  A tengu reaver (Depths:5)
  7 fire giants
  10 storm dragons
  Agnes (Spider:1)
  2 draconian monks
  Ilsuiw (Shoals:4)
  Donald (Shoals:3)
  7 draconian knights
  2 iron dragons (Vaults:5)
  7 draconian scorchers
  21 vault wardens
  8 frost giants
  9 ghost moths
  2 draconian shifters
  2 deep elf sorcerers
  3 draconian stormcallers
  A curse skull (Vaults:2)
  2 emperor scorpions (Spider:4)
  15 ironheart preservers
  4 war gargoyles
  5 very ugly things
  8 draconian annihilators
  8 green draconians
  A vampire knight (Vaults:2)
  10 black draconians
  Nessos (D:12)
  9 stone giants
  2 deep elf annihilators
  6 deep elf demonologists
  14 white draconians
  7 purple draconians
  9 red draconians
  10 yellow draconians
  2 spark wasps (Spider:4)
  5 ettins
  2 deep elf death magi
  7 fire dragons
  2 merfolk javelineers (Shoals:4)
  Josephine (D:11)
  3 great orbs of eyes (Vaults:4)
  2 deep elf high priests
  9 merfolk impalers
  13 yaktaur captains
  10 hydras
  4 rakshasas
  2 alligator snapping turtles
  3 ice dragons
  24 vault guards (Vaults:5)
  A spriggan air mage (Depths:5)
  A merfolk avatar (Shoals:3)
  6 centaur warriors
  3 death knights
  7 merfolk aquamancers
  2 satyrs (Shoals:4)
  A catoblepas (D:13)
  36 two-headed ogres
  10 ogre magi
  2 deep troll earth magi
  2 deep troll shamans
  A spriggan berserker (Depths:4)
  A tengu warrior (D:15)
  5 orc high priests (Orc:2)
  A sun demon (Volcano)
  Urug (D:14)
  10 deep elf knights
  7 hell knights
  A soul eater (Vaults:2)
  The ghost of anet the Vexing, a novice DEWz of Ashenzari (D:8)
  A skeletal warrior (D:15)
  A shadow wraith (Vaults:1)
  A salamander mystic (Depths:3)
  3 flayed ghosts
  10 sea snakes
  7 deep elf archers
  2 wizards (Vaults:3)
  An unseen horror (D:12)
  13 deep trolls
  A glowing orange brain (Vaults:3)
  20 ironbrand convokers
  A lindwurm (Lair:4)
  A tengu zombie (Vaults:4)
  2 necromancers
  15 harpies
  14 orc knights
  4 orc sorcerers
  3 phantasmal warriors
  13 wolf spiders
  12 orb spiders
  4 cyclopes
  4 manticores
  A wolf spider zombie (D:14)
  13 deep elf magi
  An elephant (shapeshifter) (Vaults:5)
  5 salamanders
  33 ugly things
  A black mamba (shapeshifter) (Depths:1)
  7 merfolk sirens
  6 elephants (Lair:4)
  A guardian serpent (shapeshifter) (D:13)
  3 ice statues (IceCv)
  6 water nymphs (Shoals:4)
  18 moths of wrath
  13 vault sentinels
  5 black mambas
  2 molten gargoyles (Volcano)
  Psyche (D:9)
  2 gargoyles
  4 spiny frogs
  4 rime drakes
  7 ice devils (IceCv)
  An efreet (D:14)
  3 komodo dragons
  A yaktaur (shapeshifter) (Vaults:3)
  6 demonic crawlers
  9 freezing wraiths
  57 yaktaurs
  A queen bee (D:15)
  A tengu conjurer (D:15)
  A queen bee (shapeshifter) (Vaults:4)
  2 red devils (Volcano)
  13 merfolk
  3 meliai (D:15)
  21 jumping spiders
  4 polar bears (Lair:5)
  7 trolls
  12 hornets
  17 blink frogs
  2 wind drakes
  A raiju (shapeshifter) (Vaults:5)
  3 dream sheep (Shoals:4)
  A meliai zombie (D:15)
  10 snapping turtles
  4 hippogriffs
  20 slime creatures
  A hippogriff (shapeshifter) (Vaults:3)
  7 wraiths
  13 tarantellas
  5 water elementals
  A vampire (D:14)
  57 redbacks
  12 yaks
  16 humans (D:14)
  3 wyverns
  3 spriggans (Depths:4)
  A basilisk (Lair:2)
  5 fire bats (Volcano)
  A hungry ghost (D:12)
  4 vampire mosquitoes (D:13)
  2 steam dragons
  A soldier ant (D:13)
  5 wargs
  An acid dragon (Vaults:2)
  A deep troll skeleton (Vaults:4)
  A soldier ant (shapeshifter) (Vaults:4)
  A floating eye (shapeshifter) (D:10)
  4 porcupines
  5 water moccasins
  3 sky beasts
  6 ice beasts
  49 orc warriors
  5 phantoms
  2 black bears
  31 ogres
  A necrophage (D:10)
  11 boggarts
  6 wolves (Lair:3)
  16 centaurs
  6 crocodiles
  An elf zombie (D:12)
  3 big kobolds
  21 bullfrogs
  A gnoll sergeant (D:12)
  A water moccasin zombie (D:11)
  A wyvern skeleton (D:9)
  5 scorpions
  32 killer bees
  9 wights
  2 howler monkeys
  5 crimson imps
  2 draconian simulacra (IceCv)
  2 human simulacra (Vaults:4)
  3 bullfrog zombies
  5 lava snakes (Volcano)
  4 centaur zombies
  A quasit (D:13)
  7 human zombies (D:12)
  6 hounds
  8 jellies
  26 orc priests
  2 bullfrog skeletons
  18 orc wizards
  6 centaur skeletons
  Ijyb (D:3)
  3 human skeletons
  4 iguanas
  A troll simulacrum (IceCv)
  12 worker ants
  A killer bee zombie (D:7)
  A hound zombie (D:5)
  2 hound skeletons (D:6)
  A mummy (D:12)
  A howler monkey skeleton (D:8)
  4 gnolls (D:12)
  12 adders
  A naga simulacrum (IceCv)
  An ogre simulacrum (IceCv)
  3 shadow imps
  6 oozes
  An adder zombie (D:6)
  An adder skeleton (D:8)
  7 worms
  4 leopard geckos
  88 orcs
  8 giant cockroaches
  5 goblins
  5 hobgoblins
  3 jackals (D:11)
  4 quokkas
  A quokka (shapeshifter) (Vaults:5)
  3 bats (D:3)
  2 frilled lizards
  15 kobolds
  A leopard gecko skeleton (D:4)
  7 rats
  2 crawling corpses (Vaults:4)
  A fire vortex (Depths:3)
  2 fungi
  A plant (Shoals:2)
1600 creatures vanquished.

Vanquished Creatures (collateral kills)
  A shadow dragon (Zot:3)
  A draconian monk (Zot:3)
  A draconian scorcher (Zot:5)
  A spriggan defender (Depths:4)
  A yellow draconian (Zot:3)
  A merfolk impaler (Shoals:4)
  A merfolk aquamancer (Shoals:4)
  An orb spider (Spider:4)
  A wolf spider (Spider:4)
  A manticore (Shoals:3)
  A moth of wrath (Zot:3)
  A demonic crawler (Spider:4)
  A merfolk (Shoals:4)
  4 wind drakes (Shoals:4)
  A wraith (Vaults:2)
  A steam dragon (Shoals:4)
  3 orc warriors
  A bullfrog (D:9)
  4 orc priests (Orc:2)
  An orc wizard (D:9)
  6 orcs
34 creatures vanquished.

Vanquished Creatures (others)
  A draconian monk (Zot:3)
  2 two-headed ogres (Vaults:2)
  A merfolk siren (Shoals:1)
  A raiju (Zot:4)
  A centaur skeleton (D:6)
  An orc (Vaults:3)
  12 plants
19 creatures vanquished.

Grand Total: 1653 creatures vanquished

Notes
Turn   | Place    | Note
-------+----------+-------------------------------------------
     0 | D:1      | SpeedyPerson7 the Minotaur Berserker began the quest for the Orb.
     0 | D:1      | Reached XP level 1. HP: 19/19 MP: 0/0
   440 | D:1      | Reached XP level 2. HP: 13/27 MP: 1/1
   808 | D:2      | Reached skill level 4 in Fighting
   877 | D:2      | Found a basalt altar of Yredelemnul.
   921 | D:2      | Reached skill level 1 in Shields
   921 | D:2      | Reached XP level 3. HP: 33/33 MP: 2/2
  1303 | D:3      | Reached skill level 5 in Axes
  1303 | D:3      | Reached XP level 4. HP: 28/41 MP: 3/3
  1434 | D:3      | Noticed Ijyb
  1437 | D:3      | Reached ** piety under Trog
  1438 | D:3      | Reached XP level 5. HP: 47/47 MP: 4/4
  1447 | D:3      | Killed Ijyb
  1541 | D:3      | Found a sacrificial altar of Ru.
  1859 | D:4      | Found a staircase to the Ecumenical Temple.
  1926 | D:4      | Reached skill level 5 in Fighting
  1986 | D:4      | Reached XP level 6. HP: 56/56 MP: 5/5
  2288 | D:5      | Entered Level 5 of the Dungeon
  2440 | D:5      | Reached *** piety under Trog
  2582 | D:5      | Found a sand-covered staircase.
  2631 | D:5      | Reached XP level 7. HP: 54/62 MP: 6/6
  2780 | D:6      | Reached skill level 6 in Fighting
  2781 | D:6      | Noticed a gargoyle
  2795 | D:6      | Killed a gargoyle
  2795 | D:6      | Reached skill level 5 in Shields
  2799 | D:6      | Reached XP level 8. HP: 71/71 MP: 7/7
  2843 | D:6      | Reached skill level 7 in Fighting
  3049 | D:6      | Found an opulent altar of Gozag.
  3244 | D:6      | Found Gozag's Platinum Reserve.
  3529 | D:7      | Reached skill level 10 in Axes
  3548 | D:7      | Reached **** piety under Trog
  3791 | D:7      | Reached XP level 9. HP: 77/81 MP: 8/8
  3801 | D:7      | Reached skill level 8 in Fighting
  3948 | D:8      | Noticed anet's ghost (novice DEWz)
  3969 | D:8      | Killed anet's ghost
  3984 | D:8      | Found a shimmering altar of Xom.
  4177 | D:8      | Reached skill level 9 in Fighting
  4395 | D:8      | Reached ***** piety under Trog
  4756 | D:8      | Reached XP level 10. HP: 91/91 MP: 9/9
  4854 | D:9      | Received a gift from Trog
  4972 | D:9      | Noticed Psyche
  4979 | D:9      | Killed Psyche
  5303 | D:9      | Reached skill level 10 in Fighting
  5501 | D:9      | Noticed a moth of wrath
  5504 | D:9      | Found a bloodstained altar of Trog.
  5572 | D:10     | Entered Level 10 of the Dungeon
  5602 | D:10     | Found a staircase to the Lair.
  5631 | D:10     | Noticed a two-headed ogre
  5644 | D:10     | Killed a two-headed ogre
  5832 | D:10     | Reached skill level 10 in Shields
  5837 | D:10     | Reached XP level 11. HP: 98/101 MP: 10/10
  6151 | D:11     | Reached skill level 11 in Fighting
  6336 | D:11     | Noticed Josephine
  6357 | D:11     | Killed Josephine
  6571 | D:11     | Reached skill level 15 in Axes
  6874 | Lair:1   | Entered Level 1 of the Lair of Beasts
  6994 | Lair:1   | Noticed a six-headed hydra
  7001 | Lair:1   | Killed a nine-headed hydra
  7277 | Lair:2   | Noticed a six-headed hydra
  7291 | Lair:2   | Killed a 13-headed hydra
  7369 | Lair:2   | Noticed a five-headed hydra
  7378 | Lair:2   | Killed a ten-headed hydra
  7492 | Lair:2   | Reached skill level 12 in Fighting
  7630 | Lair:2   | Found a hole to the Spider Nest.
  8082 | Lair:3   | Reached XP level 12. HP: 112/112 MP: 11/11
  8106 | Lair:3   | Noticed a five-headed hydra
  8108 | Lair:3   | Noticed a four-headed hydra
  8109 | Lair:3   | Noticed an eight-headed hydra
  8119 | Lair:3   | Killed a 13-headed hydra
  8121 | Lair:3   | Killed an 11-headed hydra
  8125 | Lair:3   | Killed a 12-headed hydra
  8651 | Lair:3   | Noticed a five-headed hydra
  8664 | Lair:3   | Killed a ten-headed hydra
  8717 | Lair:3   | Found a staircase to the Shoals.
  8989 | Lair:3   | Got an ancient hand axe
  8991 | Lair:3   | Identified the +8 hand axe "Onimi" {antimagic, rElec rF+ Dex+4 Stlth-} (You found it on level 3 of the Lair of Beasts)
  9019 | Lair:4   | Noticed a six-headed hydra
  9030 | Lair:4   | Killed a 14-headed hydra
  9152 | Lair:4   | Reached skill level 13 in Fighting
  9620 | Lair:4   | Found a labyrinth entrance.
  9745 | Lair:4   | Noticed a five-headed hydra
  9754 | Lair:4   | Killed an 11-headed hydra
 10155 | Lair:5   | Reached XP level 13. HP: 113/122 MP: 12/12
 11311 | D:12     | Noticed Nessos
 11326 | D:12     | Killed Nessos
 11326 | D:12     | Reached skill level 14 in Fighting
 11652 | D:12     | Received a gift from Trog
 11655 | D:12     | Found an ancient bone altar of Kikubaaqudgha.
 11863 | D:12     | Found a staircase to the Orcish Mines.
 11874 | D:12     | Found a roughly hewn altar of Beogh.
 11998 | D:12     | Noticed Frances
 12012 | D:12     | Killed Frances
 12530 | D:13     | Identified Puiwudon's Incunabulum of Self-Improvement
 12542 | D:13     | Reached skill level 15 in Fighting
 12683 | D:13     | Received a gift from Trog
 12954 | D:13     | Found a frozen archway.
 13032 | IceCv    | Entered an ice cave
 13064 | IceCv    | Reached XP level 14. HP: 121/135 MP: 13/13
 13328 | IceCv    | Reached skill level 15 in Shields
 13489 | IceCv    | Reached skill level 5 in Armour
 13645 | D:14     | Found a gate to the Vaults.
 13645 | D:14     | Noticed Urug
 13665 | D:14     | Reached ****** piety under Trog
 13672 | D:14     | Killed Urug
 14058 | D:14     | Received a gift from Trog
 14588 | D:15     | Entered Level 15 of the Dungeon
 14616 | D:15     | HP: 2/204 [titanic slime creature (50)]
 14618 | D:15     | Reached skill level 16 in Fighting
 16386 | D:15     | Found a staircase to the Depths.
 16427 | D:15     | Reached skill level 10 in Armour
 17348 | Orc:1    | Entered Level 1 of the Orcish Mines
 17370 | Orc:1    | Received a gift from Trog
 17718 | Orc:2    | Entered Level 2 of the Orcish Mines
 17970 | Orc:2    | Noticed a stone giant
 17983 | Orc:2    | Killed a stone giant
 18046 | Orc:2    | Found a roughly hewn altar of Beogh.
 18106 | Orc:2    | Found a dark tunnel.
 18307 | Volcano  | Entered a volcano
 18413 | Volcano  | Received a gift from Trog
 18438 | Volcano  | Found a radiant altar of Vehumet.
 18457 | Volcano  | Reached XP level 15. HP: 119/146 MP: 8/14
 18626 | Orc:2    | Found a staircase to the Elven Halls.
 18816 | Orc:2    | Reached skill level 17 in Fighting
 18819 | Orc:2    | Received a gift from Trog
 19229 | Orc:2    | Found Hujil's Gadget Boutique.
 19230 | Orc:2    | Found Tast's Magic Scroll Boutique.
 19230 | Orc:2    | Found Afrutteh's Weapon Shop.
 19231 | Orc:2    | Found Gitugoga's Weapon Boutique.
 19238 | Orc:2    | Bought a scroll of fog for 30 gold pieces
 19238 | Orc:2    | Bought a scroll of fog for 30 gold pieces
 19238 | Orc:2    | Bought a scroll of fog for 30 gold pieces
 19238 | Orc:2    | Bought a scroll of teleportation for 45 gold pieces
 19526 | Spider:1 | Entered Level 1 of the Spider Nest
 19758 | Shoals:1 | Entered Level 1 of the Shoals
 19768 | Shoals:1 | Found Elu Touvoati's Armour Shop.
 19798 | Shoals:1 | Bought a +1 shield of fire resistance for 214 gold pieces
 20186 | Shoals:3 | Noticed Donald
 20196 | Shoals:3 | Killed Donald
 20290 | Shoals:3 | Found Qotisit's Antique Armour Shop.
 21419 | Shoals:4 | Entered Level 4 of the Shoals
 22214 | Shoals:4 | Noticed Ilsuiw
 22244 | Shoals:4 | Reached skill level 15 in Armour
 22259 | Shoals:4 | Killed Ilsuiw
 22271 | Shoals:4 | Reached skill level 18 in Fighting
 22407 | Shoals:4 | Received a gift from Trog
 22410 | Shoals:4 | Got a steaming hand axe {god gift}
 22818 | Shoals:4 | Reached XP level 16. HP: 125/157 MP: 15/15
 24109 | Shoals:4 | Got a barnacled rune of Zot
 24432 | Shoals:1 | Received a gift from Trog
 25003 | Spider:1 | Noticed Agnes
 25015 | Spider:1 | Killed Agnes
 25575 | Spider:2 | Reached skill level 19 in Fighting
 25591 | Spider:2 | Received a gift from Trog
 25748 | Spider:4 | Entered Level 4 of the Spider Nest
 27365 | Spider:4 | Received a gift from Trog
 27467 | Spider:4 | Noticed brew9's ghost (adept DrCj)
 27472 | Spider:4 | HP: 4/160 [demonic crawler (8)]
 27478 | Spider:4 | HP: 3/160 [poisoned by a wolf spider]
 27484 | Spider:4 | HP: 3/160 [poisoned by a wolf spider]
 27492 | Spider:4 | HP: 4/160 [poisoned by a wolf spider]
 28014 | Spider:4 | Reached XP level 17. HP: 131/168 MP: 16/16
 28918 | Spider:4 | Killed brew9's ghost
 29190 | Spider:4 | Got a gossamer rune of Zot
 29664 | Vaults:1 | Entered Level 1 of the Vaults
 29689 | Vaults:1 | Received a gift from Trog
 30150 | Vaults:1 | Reached skill level 20 in Fighting
 30852 | Vaults:2 | Received a gift from Trog
 30858 | Vaults:2 | Reached skill level 5 in Dodging
 30927 | Vaults:2 | Found Ycwoir's Antique Weapon Boutique.
 31154 | Vaults:2 | Received a gift from Trog
 31622 | Vaults:2 | Noticed Nikola
 31642 | Vaults:2 | Killed Nikola
 31642 | Vaults:2 | Reached XP level 18. HP: 100/180 MP: 17/17
 31648 | Vaults:2 | Identified the +2 pair of gloves "Yrhudem" {MR+} (You took it off Nikola on level 2 of the Vaults)
 32222 | Vaults:2 | Received a gift from Trog
 32582 | Vaults:2 | Reached skill level 10 in Dodging
 32822 | Vaults:2 | Found a staircase to the Crypt.
 33125 | Vaults:3 | Reached skill level 21 in Fighting
 33384 | Vaults:3 | Received a gift from Trog
 33981 | Vaults:3 | Found an iron altar of Okawaru.
 34014 | Vaults:3 | Received a gift from Trog
 34099 | Vaults:3 | Noticed Mennas
 34143 | Vaults:3 | HP: 9/182 [Mennas/sacred scourge of holy wrath (7)]
 34148 | Vaults:3 | HP: 4/182 [Mennas/sacred scourge of holy wrath (8)]
 35131 | Vaults:4 | Reached XP level 19. HP: 150/191 MP: 18/18
 35156 | Vaults:4 | Received a gift from Trog
 35345 | Vaults:4 | Received a gift from Trog
 35345 | Vaults:4 | Reached skill level 22 in Fighting
 35962 | Vaults:4 | Reached skill level 15 in Dodging
 36327 | Vaults:4 | Received a gift from Trog
 36330 | Vaults:4 | Got an ichor-stained battleaxe {god gift}
 36331 | Vaults:4 | Identified the +4 battleaxe of Atheism {chop, Str+2} (Trog gifted it to you on level 4 of the Vaults)
 36374 | Vaults:4 | Found Qionail's Assorted Antiques.
 36379 | Vaults:4 | Bought a scroll of fog for 56 gold pieces
 36379 | Vaults:4 | Bought a potion of ambrosia for 224 gold pieces
 36530 | Vaults:5 | Entered Level 5 of the Vaults
 36542 | Vaults:5 | Noticed an ancient lich
 36563 | Vaults:5 | Killed an ancient lich
 36569 | Vaults:5 | Reached XP level 20. HP: 164/202 MP: 19/19
 37234 | Vaults:5 | Reached skill level 23 in Fighting
 37604 | Vaults:5 | Identified a scroll of acquirement
 37703 | Vaults:5 | Received a gift from Trog
 38324 | Vaults:5 | Received a gift from Trog
 38984 | Vaults:5 | Identified the ring "Gang" {AC+4 Dex+2 Slay+6 Stlth+} (You took it off an ironbrand convoker on level 5 of the Vaults)
 39920 | Vaults:5 | Received a gift from Trog
 39940 | Vaults:5 | Got a silver rune of Zot
 40359 | Depths:1 | Entered Level 1 of the Depths
 40822 | Depths:3 | Reached XP level 21. HP: 203/213 MP: 6/20
 41064 | Depths:4 | Reached skill level 24 in Fighting
 41065 | Depths:4 | Received a gift from Trog
 41371 | Depths:4 | HP: 10/321 [ettin/dire flail of protection (41)]
 41828 | Depths:5 | Entered Level 5 of the Depths
 42004 | Depths:5 | Found a one-way gate leading to the halls of Pandemonium.
 42202 | Depths:5 | Received a gift from Trog
 42242 | Depths:5 | Found a gate to the Realm of Zot.
 42242 | Depths:5 | Noticed a golden dragon
 42253 | Depths:5 | Killed a golden dragon
 42529 | Zot:1    | Entered Level 1 of the Realm of Zot
 43930 | Zot:1    | Reached skill level 25 in Fighting
 43962 | Zot:1    | Reached XP level 22. HP: 208/226 MP: 7/21
 44081 | Zot:1    | Received a gift from Trog
 44877 | Zot:2    | Noticed a curse toe
 44888 | Zot:2    | Killed a curse toe
 45148 | Zot:3    | Noticed a golden dragon
 45278 | Zot:3    | Killed a golden dragon
 46154 | Zot:3    | Noticed a golden dragon
 46175 | Zot:3    | Killed a golden dragon
 46199 | Zot:3    | HP: 4/228 [acid (11)]
 46202 | Zot:3    | HP: 1/228 [acid (8)]
 46975 | Zot:3    | Reached skill level 26 in Fighting
 47449 | Zot:4    | Reached XP level 23. HP: 236/236 MP: 7/22
 47972 | Zot:4    | Received a gift from Trog
 48735 | Zot:5    | Entered Level 5 of the Realm of Zot
 49293 | Zot:5    | Noticed an ancient lich
 49307 | Zot:5    | Killed an ancient lich
 49336 | Zot:5    | Reached skill level 27 in Fighting
 49367 | Zot:5    | Noticed a Killer Klown
 49433 | Zot:5    | Killed a Killer Klown
 49716 | Zot:5    | Noticed an ancient lich
 49733 | Zot:5    | Killed an ancient lich
 49763 | Zot:5    | Noticed a Killer Klown
 49778 | Zot:5    | Killed a Killer Klown
 49778 | Zot:5    | Reached XP level 24. HP: 233/249 MP: 7/22
 49799 | Zot:5    | Noticed an orb of fire
 49799 | Zot:5    | Noticed an orb of fire
 49805 | Zot:5    | Noticed an orb of fire
 49809 | Zot:5    | Gained mutation: Potions are less effective at restoring your health. [an orb of fire]
 49809 | Zot:5    | Gained mutation: You are clumsy. (Dex -2) [an orb of fire]
 49815 | Zot:5    | HP: 9/249 [orb of fire/fireball (16)]
 49821 | Zot:5    | HP: 9/249 [orb of fire/fireball (8)]
 49821 | Zot:5    | Killed from afar by an orb of fire

Vault maps used:
D:1:      dpeg_arrival_stonehenge_8_columns
D:2:      yredelemnul_altar_generic
D:3:      nicolae_overflow_crystal_walls, serial_glass, glass_columns_b,
          glass_columns_a, feat_on_display, minmay_strange_pillars,
          feat_on_display, uniq_ijyb
D:4:      minmay_temple_entry_hall, first_ration, serial_park_tiny_1
D:5:      enter_ossuary_1
D:6:      nicolae_gozag_zags_fifth_avenue
D:8:      basic_altar, hangedman_little_slice_of_home
D:9:      tgw_trog, uniq_psyche
D:10:     lair_entry_dummy
D:11:     uniq_josephine
D:12:     minmay_orc_entry_temple_small, lemuel_mausoleum_altar_kikubaaqudgha,
          uniq_frances, uniq_nessos
D:13:     portal_ice_cave_entry_pillars_2, wad_dig_loot
D:14:     david_vaults_3, hex_medium
D:15:     grunt_enter_depths_hoard, hangedman_decor_growths, spider_trap,
          minivault_7
Lair:2:   nicolae_spider_entry_non_spiders, nicolae_lair_grove_arrangements,
          grunt_megastairs_5, lemuel_fruit_tree, infiniplex_staircase_pool_2
Lair:3:   elwin_shoals_entry_rocks, beast_lair_carwin_2, lemuel_fruit_fields,
          lemuel_fruit_fields
Lair:4:   lab_entry_generic, lemuel_fruit_fields, grunt_megastairs_2
Lair:5:   kilobyte_rumbling_trees, minmay_lair_oklob_chamber
Shoals:1: serial_shops, shop, nicolae_shoals_kraken_intersection
Shoals:2: uniq_louise
Shoals:3: serial_shops, nicolae_shop_behind_doors, uniq_donald
Shoals:4: shoals_end_simple, shoals_ilsuiw_ice, nicolae_shoals_drake_roost
Spider:1: guppyfry_spider_mini_2, uniq_agnes
Spider:2: spiders_nest_scorpion_pit, nicolae_spider_webbed_stairs,
          nicolae_spider_cling_ruins
Spider:4: grunt_spider_rune_parallel
Orc:1:    serial_shops
Orc:2:    st_orc_pillars, basic_altar, enter_volcano_1, minmay_orc_barracks
Vaults:1: v_misc_15, vaults_room_pool, hangedman_vaults_corner, v_alt_pattern_6,
          vaults_room_door_ring, v_rooms_3, nicolae_vaults_circle_grid_a,
          ontoclasm_vaults_misaligned, nicolae_vaults_rhombus_5
Vaults:2: minmay_crypt_entry_simple_walls, vaults_dpeg_diagonal,
          ontoclasm_vaults_hangar, v_alt_pattern_3, v_misc_10,
          nicolae_vaults_branching_niches, nicolae_vaults_mini_display_case,
          vaults_dpeg_hooks, nicolae_vaults_ring_of_whatevers,
          grunt_vaults_hallway_short, ontoclasm_vaults_eye,
          nicolae_vaults_border_crossing, serial_shops,
          nicolae_shop_overgrown_old_shop, uniq_nikola
Vaults:3: nicolae_vaults_little_squares_2, vaults_dpeg_ring,
          vaults_room_fancy_cross, nicolae_vaults_back_hallway,
          vaults_room_fours, ontoclasm_vaults_shuriken, grunt_vaults_focal,
          vaults_standard_mumra_x, nicolae_vaults_windows_and_doors_thing,
          vaults_room_stairs_pillars, dpeg_vaults_monster_box, stair_cage_open,
          hangedman_vaults_cutoff, nicolae_vaults_specimen_jars, basic_altar,
          uniq_mennas
Vaults:4: ontoclasm_vaults_chip, nicolae_vaults_arrows, ontoclasm_vaults_bender,
          v_misc_15, v_misc_9, vaults_room_door_hall,
          nicolae_vaults_stairing_the_circle, nicolae_vaults_yaktaur_gun_rack,
          nicolae_vaults_little_squares_4, v_misc_25, serial_shops,
          shop_fountains
Vaults:5: serial_shops
Depths:1: minmay_misc_feat_alley, hell_entry, item_on_display_a, uniq_saint_roka
Depths:2: hangedman_slaughterboxes, hell_entry, uniq_mara
Depths:3: cheibrodos_witchhunters_guild, solitary_fountain, pan_entry,
          hangedman_coc_ice_floe, serial_shops, nicolae_shop_crystal,
          minmay_metal_thing
Depths:4: evilmike_halls_of_destruction, enter_ziggurat_b, abyss_entry,
          grunt_mini_vestibule, infiniplex_staircase_zigzag_4,
          grunt_megastairs_4, minmay_shop_grove
Depths:5: grunt_zot_entry_tricorne, nicolae_lava_and_water, abyss_entry_crystal,
          hell_entry, serial_shops, shop, pan_entry,
          nemelex_diamond_rough_becter, serial_bayou_shore_a, uniq_enchantress
Zot:1:    hangedman_zot_vaults_quadrants
Zot:2:    gammafunk_dig_for_victory, lemuel_baited_zot_trap,
          hangedman_zot_decor_unnerving_road
Zot:4:    infiniplex_zot_generator
IceCv:    ice_cave_tombish
Volcano:  volcano_grotto

Skill      XL: |  1  2  3  4  5  6  7  8  9 10 11 12 13 14 15 16 17 18 19 20 21 22 23 24 |
---------------+-------------------------------------------------------------------------+-----
Axes           | 4 5 6 7 8 10 12 14 16 17 18 | 18.0
Fighting       | 4 5 6 7 9 10 12 13 15 16 18 19 20 21 22 23 25 26 27 | 27.0
Shields        | 1 2 3 4 5 6 8 10 11 12 14 15 | 15.0
Armour         | 4 11 15 18 19 20 21 23 24 25 | 25.0
Dodging        | 8 13 16 18 19 20 | 20.9

Action                   |  1- 3 |  4- 6 |  7- 9 | 10-12 | 13-15 | 16-18 | 19-21 | 22-24 || total
-------------------------+-------+-------+-------+-------+-------+-------+-------+-------++-------
Melee: Hand axe          |    64 |    96 |   253 |   510 |   405 |       |       |       ||  1328
       Headbutt          |     9 |    23 |    38 |   134 |   335 |   335 |   353 |   241 ||  1468
       Broad axe         |       |       |       |       |   937 |  1357 |  1056 |   759 ||  4109
       War axe           |       |       |       |       |    24 |       |       |       ||    24
Invok: Berserk           |       |     3 |     3 |    13 |    16 |    14 |    10 |     8 ||    67
       Trog's Hand       |       |     1 |       |       |     2 |     4 |     5 |    12 ||    24
       Burn Spellbooks   |       |       |     1 |     2 |     2 |     2 |     3 |       ||    10
       Brothers in Arms  |       |       |       |     1 |     2 |     5 |     2 |     5 ||    15
Evoke: Wand              |       |       |       |       |     2 |       |     9 |     1 ||    12
  Use: Scroll            |     1 |     3 |       |    12 |    12 |    15 |    19 |    16 ||    78
       Potion            |       |       |     2 |     1 |     3 |     4 |     4 |     7 ||    21
 Stab: Paralysed         |       |       |       |       |     6 |       |       |       ||     6
       Invisible         |       |       |       |       |     5 |       |       |       ||     5
       Held in net/web   |       |       |       |       |       |     2 |       |       ||     2
       Distracted        |       |       |       |       |       |       |     1 |       ||     1
       Confused          |       |       |       |       |       |       |       |     1 ||     1
  Eat: Chunk             |     1 |     6 |     7 |    31 |    40 |    35 |    16 |     2 ||   138
       Ration            |       |       |     1 |       |     5 |     7 |     8 |    10 ||    31
Armor: Ring mail         |     4 |       |       |       |       |       |       |       ||     4
       Plate armour      |     9 |    63 |    92 |   201 |   388 |   649 |   438 |   326 ||  2166
Dodge: Dodged            |    29 |    19 |    48 |    86 |   248 |   347 |   507 |   469 ||  1753
Block: Shield            |    16 |    36 |   111 |   244 |   717 |   894 |   716 |   487 ||  3221

Table legend:
 A = Spawn XP
 B = Non-spawn XP
 C = Spawn XP percentage of total XP
 D = Spawn monster count
 E = Non-spawn monster count
 F = Spawn count percentage of total count
 G = Total turns spent on level
                    A         B        C        D         E        F      G
               +---------+---------+-------+---------+---------+-------+---------
         Total |       0 |  995607 |   0.0 |       0 |    1632 |   0.0 | 49821
               +---------+---------+-------+---------+---------+-------+---------
           D:1 |       0 |      21 |   0.0 |       0 |      10 |   0.0 |   797
           D:2 |       0 |      37 |   0.0 |       0 |       6 |   0.0 |   507
           D:3 |       0 |     202 |   0.0 |       0 |      19 |   0.0 |   554
           D:4 |       0 |     297 |   0.0 |       0 |      14 |   0.0 |   430
           D:5 |       0 |     239 |   0.0 |       0 |       8 |   0.0 |   452
           D:6 |       0 |    1174 |   0.0 |       0 |      20 |   0.0 |   740
           D:7 |       0 |    1002 |   0.0 |       0 |      18 |   0.0 |   413
           D:8 |       0 |    2666 |   0.0 |       0 |      50 |   0.0 |  1013
           D:9 |       0 |    2361 |   0.0 |       0 |      36 |   0.0 |   666
          D:10 |       0 |    3978 |   0.0 |       0 |      36 |   0.0 |   783
          D:11 |       0 |    3768 |   0.0 |       0 |      23 |   0.0 |   720
          D:12 |       0 |    9561 |   0.0 |       0 |      53 |   0.0 |  1165
          D:13 |       0 |    9236 |   0.0 |       0 |      36 |   0.0 |   735
          D:14 |       0 |   10872 |   0.0 |       0 |      35 |   0.0 |   952
          D:15 |       0 |   15450 |   0.0 |       0 |      43 |   0.0 |  2829
        Lair:1 |       0 |    2664 |   0.0 |       0 |      11 |   0.0 |   387
        Lair:2 |       0 |    3075 |   0.0 |       0 |      14 |   0.0 |   979
        Lair:3 |       0 |    6789 |   0.0 |       0 |      21 |   0.0 |  1490
        Lair:4 |       0 |    9034 |   0.0 |       0 |      23 |   0.0 |  1037
        Lair:5 |       0 |    7395 |   0.0 |       0 |      30 |   0.0 |  1138
      Shoals:1 |       0 |    7143 |   0.0 |       0 |      14 |   0.0 |   398
      Shoals:2 |       0 |    1126 |   0.0 |       0 |       4 |   0.0 |    81
      Shoals:3 |       0 |   11646 |   0.0 |       0 |      18 |   0.0 |  1632
      Shoals:4 |       0 |   40822 |   0.0 |       0 |      72 |   0.0 |  2606
      Spider:1 |       0 |   16528 |   0.0 |       0 |      46 |   0.0 |   825
      Spider:2 |       0 |    6504 |   0.0 |       0 |      19 |   0.0 |   140
      Spider:3 |       0 |     336 |   0.0 |       0 |       1 |   0.0 |   142
      Spider:4 |       0 |   37875 |   0.0 |       0 |      79 |   0.0 |  3569
         Orc:1 |       0 |    1364 |   0.0 |       0 |      17 |   0.0 |   383
         Orc:2 |       0 |   12182 |   0.0 |       0 |     100 |   0.0 |  1351
      Vaults:1 |       0 |   20614 |   0.0 |       0 |      42 |   0.0 |  1191
      Vaults:2 |       0 |   55936 |   0.0 |       0 |      84 |   0.0 |  2577
      Vaults:3 |       0 |   43117 |   0.0 |       0 |      82 |   0.0 |  1399
      Vaults:4 |       0 |   87534 |   0.0 |       0 |     138 |   0.0 |  2555
      Vaults:5 |       0 |  134744 |   0.0 |       0 |     115 |   0.0 |  2869
      Depths:1 |       0 |    3794 |   0.0 |       0 |       5 |   0.0 |   307
      Depths:2 |       0 |    3602 |   0.0 |       0 |       2 |   0.0 |   148
      Depths:3 |       0 |   13427 |   0.0 |       0 |      19 |   0.0 |   229
      Depths:4 |       0 |   22673 |   0.0 |       0 |      25 |   0.0 |   785
      Depths:5 |       0 |   71185 |   0.0 |       0 |      49 |   0.0 |  2038
         Zot:1 |       0 |   40516 |   0.0 |       0 |      28 |   0.0 |   771
         Zot:2 |       0 |   16395 |   0.0 |       0 |       6 |   0.0 |  1058
         Zot:3 |       0 |   74583 |   0.0 |       0 |      45 |   0.0 |  1709
         Zot:4 |       0 |   79227 |   0.0 |       0 |      48 |   0.0 |  1331
         Zot:5 |       0 |   93115 |   0.0 |       0 |      34 |   0.0 |  1086
         IceCv |       0 |    4496 |   0.0 |       0 |      16 |   0.0 |   578
       Volcano |       0 |    5302 |   0.0 |       0 |      18 |   0.0 |   276
               +---------+---------+-------+---------+---------+-------+---------
